 Dungeon Crawl Stone Soup version 0.29-a0-559-g359e09b9d1 (webtiles) character file.

Game seed: 17738386365389179454

125 Pelinal the Conjurer (level 4, -2/24 HPs)
             Began as a Deep Elf Arcane Marksman on June 10, 2022.
             Slain by a river rat (8 damage)
             ... in a sewer.
             The game lasted 00:07:00 (3594 turns).

Pelinal the Conjurer (Deep Elf Arcane Marksman)     Turns: 3594, Time: 00:07:01

Health: -2/24      AC:  2    Str:  7    XL:     4   Next: 82%
Magic:  8/8        EV: 13    Int: 18    God:
Gold:   127        SH:  0    Dex: 23    Spells: 4/6 levels left

rFire   + . .      SeeInvis .   a - +0 shortbow
rCold   . . .      Faith    .   (shield currently unavailable)
rNeg    . . .      Spirit   .   b - +0 robe
rPois   .          Reflect  .   (no helmet)
rElec   .          Harm     .   (no cloak)
rCorr   .          Rampage  .   (no gloves)
Will    .....                   (no boots)
Stlth   ++........              (no amulet)
HPRegen 0.08/turn               l - ring of protection from fire
MPRegen 0.11/turn               q - +6 ring of dexterity

@: no status effects
A: no striking features
a: no special abilities


You were in a sewer.
You visited 1 branch of the dungeon, and saw 3 of its levels.
You also visited: Sewer.

You collected 127 gold pieces.

Inventory:

Hand Weapons
 a - a +0 shortbow (weapon)
 i - a +3 short sword
Armour
 b - a +0 robe (worn)
Jewellery
 l - a ring of protection from fire (left hand)
 q - a +6 ring of dexterity (right hand)
Scrolls
 c - 2 scrolls of vulnerability
 d - 4 scrolls of identify {unknown}
 e - a scroll of fear {unknown}
 f - a scroll of amnesia {unknown}
 g - a scroll of summoning {unknown}
 j - a scroll of enchant weapon {unknown}
 o - a scroll of fog {unknown}
Potions
 h - a potion of curing {unknown}
 k - a potion of cancellation
 m - a potion of lignification {unknown}
 n - a potion of haste {unknown}
 p - 2 potions of attraction {unknown}
 r - a potion of flight {unknown}
 s - a potion of invisibility {unknown}


   Skills:
 - Level 0.7 Fighting
 - Level 3.3 Bows
 - Level 2.7 Dodging
 - Level 1.5 Spellcasting
 + Level 4.4 Conjurations
 - Level 4.2 Hexes


You had 4 spell levels left.
You knew the following spells:

 Your Spells              Type           Power      Damage    Failure   Level
a - Slow                  Hex            64%        N/A       3%          1
b - Magic Dart            Conj           68%        1d6       3%          1

Your spell library contained the following spells:

 Spells                   Type           Power      Damage    Failure   Level
 Inner Flame              Hex/Fire       8%         N/A       24%         3
 Portal Projectile        Hex/Tloc       16%        N/A       24%         3
 Call Imp                 Summ           1%         N/A       28%         2
 Mephitic Cloud           Conj/Pois/Air  6%         N/A       30%         3
 Cause Fear               Hex            8%         N/A       32%         4


Dungeon Overview and Level Annotations

Branches:
Dungeon (3/15)              Sewer (1/1)

Altars:


Message History

The river rat is lightly wounded.
The river rat misses you.
There is a gate leading back out of this place here.
Shoot: a) +0 shortbow
Press: ? - help, Q - select action, (/) - cycle Shift-Dir - straight line, f/p - river rat
Aim: a river rat (lightly wounded, 61% to hit)
You shoot an arrow. The arrow hits the river rat.
The river rat is severely wounded.
The river rat closely misses you.
Shoot: a) +0 shortbow
Press: ? - help, Q - select action, (/) - cycle Shift-Dir - straight line, f/p - river rat
Aim: a river rat (severely wounded, 61% to hit)
You shoot an arrow. The arrow closely misses the river rat.
The river rat closely misses you. The river rat bites you.
Unknown command.
Shoot: a) +0 shortbow
Press: ? - help, Q - select action, (/) - cycle Shift-Dir - straight line, f/p - river rat
Aim: a river rat (severely wounded, 61% to hit)
You shoot an arrow.
The arrow hits the river rat but does no damage.
The river rat is severely wounded.
The river rat bites you.
Shoot: a) +0 shortbow
Press: ? - help, Q - select action, (/) - cycle Shift-Dir - straight line, f/p - river rat
Aim: a river rat (severely wounded, 61% to hit)
You shoot an arrow. The arrow hits the river rat.
The river rat is almost dead.
The river rat bites you.
* * * LOW HITPOINT WARNING * * *
Shoot: a) +0 shortbow
Press: ? - help, Q - select action, (/) - cycle Shift-Dir - straight line, f/p - river rat
Aim: a river rat (almost dead, 61% to hit)
You shoot an arrow. The arrow barely misses the river rat.
The arrow hits the river rat!
The river rat is severely wounded.
The river rat closely misses you. The river rat barely misses you.
Unknown command.
It was a potion of cancellation.
You feel magically purged. The river rat bites you!
You die...

≈≈.........##
≈≈........##
≈≈.≈.....##
≈≈≈......##
≈≈≈≈......#
≈≈≈≈......##
≈≈≈≈≈...#.r#
≈≈≈≈...###r#
≈≈≈... #@#
≈≈≈... ###
≈≈≈≈.. ≈≈.


You could see 2 river rats.

Vanquished Creatures
  A jelly (D:2)
  Jessica (D:2)
  An adder (D:2)
  A river rat (D:3)
  A worm (D:3)
  A dart slug (D:2)
  A ball python (D:2)
  5 endoplasms
  A giant cockroach (D:3)
  5 goblins
  6 hobgoblins
  3 quokkas
  3 bats
  4 frilled lizards
  2 kobolds
  8 rats
44 creatures vanquished.

Vanquished Creatures (others)
  A kobold (D:2)
1 creature vanquished.

Grand Total: 45 creatures vanquished

Notes
Turn   | Place    | Note
-------+----------+-------------------------------------------
     0 | D:1      | Pelinal the Deep Elf Arcane Marksman began the quest for
                  | the Orb.
     0 | D:1      | Reached XP level 1. HP: 11/11 MP: 5/5
   640 | D:1      | Reached XP level 2. HP: 16/16 MP: 6/6
   660 | D:1      | Learned a level 1 spell: Magic Dart
   955 | D:1      | Reached skill level 1 in Conjurations
  1380 | D:1      | Found a faded altar of an unknown god.
  1768 | D:2      | Reached XP level 3. HP: 11/20 MP: 0/7
  2993 | D:2      | Noticed Jessica
  3002 | D:2      | Killed Jessica
  3003 | D:2      | Reached XP level 4. HP: 19/24 MP: 3/8
  3357 | D:3      | Found a glowing drain.
  3463 | Sewer    | Entered a sewer
  3594 | Sewer    | Slain by a river rat

Illustrated notes

Levels and vault maps discovered:
D:1:      dpeg_arrival_water_temple_mockup, layout_basic,
          hellmonk_ecumenical_altar_arch_garden, chequers_serial_rivers_micro_e,
          chequers_serial_rivers_small_b
D:2:      layout_loops_ring, lemuel_flame_loot_1, uniq_jessica
D:3:      layout_rooms, cheibrodos_sewer_entry_sluice
Sewer:    sewer_minmay_treatment

Skill      XL: |  1  2  3  4 |
---------------+-------------+-----
Bows           | 3 |  3.3
Conjurations   | 2 3 4 |  4.4
Fighting       | |  0.7
Dodging        | |  2.7
Spellcasting   | |  1.5
Hexes          | |  4.2

Action                   |  1- 3 |  4- 6 || total
-------------------------+-------+-------++-------
 Fire: Shortbow          |    64 |    31 ||    95
 Cast: Slow              |    16 |     7 ||    23
       Magic Dart        |    34 |    14 ||    48
  Use: Potion            |       |     1 ||     1
Armor: Robe              |     5 |     2 ||     7
Dodge: Dodged            |    35 |    19 ||    54

Table legend: (Time is in decaauts)
 A = Elapsed time spent in this place.
 B = Non-inter-level travel time spent in this place.
 C = Inter-level travel time spent in this place.
 D = Time resting spent in this place.
 E = Time spent auto-exploring this place.
 F = Levels seen in this place.
 G = Mean time per level.
                   A        B        C        D        E       F      G
               +--------+--------+--------+--------+--------+-----+--------+
         Total |   3628 |   3470 |    158 |    787 |   1864 |   4 |  907.0 |
       Dungeon |   3493 |   3335 |    158 |    687 |   1858 |   3 | 1164.3 |
         Sewer |    134 |    134 |      0 |    100 |      6 |   1 |  134.0 |
               +--------+--------+--------+--------+--------+-----+--------+

Top non-repeatable levels by time:
     D:1: 1827 daAuts
     D:2: 1514 daAuts
     D:3: 151 daAuts
   Sewer: 134 daAuts
